 Dungeon Crawl Stone Soup version 0.21-a0-634-gaf8bc5d (webtiles) character file.

39 shenanigans the Charmwright (level 3, 0/29 HPs)
             Began as a Barachi Skald on Dec 29, 2017.
             Slain by an iguana (10 damage)
             ... on level 2 of the Dungeon.
             The game lasted 00:02:28 (991 turns).

shenanigans the Charmwright (Barachi Skald)          Turns: 991, Time: 00:02:29

Health: 0/29       AC: 10    Str: 16    XL:     3   Next: 47%
Magic:  6/6        EV: 11    Int: 14    God:
Gold:   80         SH:  0    Dex: 11    Spells: 5/6 levels left

rFire    . . .     SeeInvis .   a - +0 hand axe
rCold    . . .     Gourm    .   (no shield)
rNeg     . . .     Faith    .   l - +0 ring mail
rPois    .         Spirit   .   i - +0 helmet
rElec    .         Reflect  .   (no cloak)
rCorr    .         Harm     .   (no gloves)
MR       .....                  (no boots)
Stlth    +.........             (no amulet)
HPRegen  0.09/turn              h - +4 ring of protection
MPRegen  0.10/turn              k - +4 ring of strength

@: slow
A: +LOS, swims, slowness 1, strong legs 1
a: Hop


You were on level 2 of the Dungeon.
You were not hungry.

You visited 1 branch of the dungeon, and saw 2 of its levels.

You collected 80 gold pieces.

Inventory:

Hand Weapons
 a - a +0 hand axe (weapon)
Armour
 b - a +0 leather armour
 i - a +0 helmet (worn)
 l - a +0 ring mail (worn)
Jewellery
 h - a +4 ring of protection (left hand)
 k - a +4 ring of strength (right hand)
 o - an uncursed ring of protection from fire
Scrolls
 g - a scroll of random uselessness {unknown}
 j - a scroll of amnesia {unknown}
 n - a scroll of identify {unknown}
Potions
 e - 2 potions of brilliance {unknown}
 f - a potion of curing {unknown}
Books
 c - a book of Battle

   Spells                             Type                      Level
   a - Infusion                       Charms                       1
   b - Shroud of Golubria             Charms/Translocation         2
   c - Song of Slaying                Charms                       2
   d - Spectral Weapon                Hexes/Charms                 3
   e - Regeneration                   Charms/Necromancy            3
Comestibles
 d - 5 rations


   Skills:
 + Level 3.1 Fighting
 + Level 2.8 Axes
 + Level 2.1 Armour
 + Level 2.8 Dodging
 - Level 2.1 Spellcasting
 - Level 3.2 Charms


You had 5 spell levels left.
You knew the following spells:

 Your Spells              Type           Power        Failure   Level  Hunger
a - Infusion              Chrm           ##..         11%         1    #......


Dungeon Overview and Level Annotations

Branches:
Dungeon (2/15)

Altars:


Innate Abilities, Weirdness & Mutations

Shadows flee at your approach. (+LOS)
You can swim through water.
You cover ground slowly.
You can hop short distances.


Message History

The iguana is heavily wounded.
The iguana misses you.
You closely miss the iguana.
The iguana is heavily wounded.
The iguana bites you but does no damage.
You hit the iguana but do no damage.
The iguana is heavily wounded.
The iguana bites you!
The iguana hisses menacingly.
The iguana closely misses you.
You hit the iguana.
The iguana is severely wounded.
The iguana bites you.
You completely miss the iguana.
The iguana is severely wounded.
The iguana bites you but does no damage.
You hit the iguana but do no damage.
The iguana is severely wounded.
The iguana bites you!
You die...

##.## #.......# ###
######.## #.# #.# #.# #.#
######## ###.# #.......
...########.#.####.#####.
.......l@......#.......#.
....#######......#.###.#.
#....#.#.# #.#.
#.#.##.#.# #.#.
#........# #.##
###.##.### #.##
##+##.#####.#
##...#†......#
##.....#########


You could see an iguana.

Vanquished Creatures
  2 adders (D:2)
  A worm (D:2)
  A bat (D:1)
  2 giant cockroaches (D:2)
  2 goblins (D:1)
  4 hobgoblins (D:2)
  2 frilled lizards
  2 kobolds
  3 rats
19 creatures vanquished.

Notes
Turn   | Place    | Note
-------+----------+-------------------------------------------
     0 | D:1      | shenanigans the Barachi Skald began the quest for the Orb.
     0 | D:1      | Reached XP level 1. HP: 17/17 MP: 3/3
   309 | D:1      | Reached XP level 2. HP: 20/23 MP: 5/5
   599 | D:2      | Reached XP level 3. HP: 24/28 MP: 6/6
   991 | D:2      | Slain by an iguana

Vault maps used:
D:1:      dpeg_arrival_connections
D:2:      first_ration

Skill      XL: |  1  2  3 |
---------------+----------+-----
Armour         | 2 |  2.1
Fighting       | 3 |  3.1
Axes           | |  2.8
Dodging        | |  2.8
Spellcasting   | |  2.1
Charms         | |  3.2

Action                   || total
-------------------------++-------
Melee: Hand axe          ||    68
 Cast: Infusion          ||     3
  Eat: Chunk             ||     1
Armor: Leather armour    ||     9
       Ring mail         ||     7
Dodge: Dodged            ||    48

Table legend:
 A = Spawn XP
 B = Non-spawn XP
 C = Spawn XP percentage of total XP
 D = Spawn monster count
 E = Non-spawn monster count
 F = Spawn count percentage of total count
 G = Total turns spent on level
                    A         B        C        D         E        F      G
               +---------+---------+-------+---------+---------+-------+---------
         Total |       0 |      57 |   0.0 |       0 |      19 |   0.0 |   991
               +---------+---------+-------+---------+---------+-------+---------
           D:1 |       0 |      10 |   0.0 |       0 |       7 |   0.0 |   335
           D:2 |       0 |      47 |   0.0 |       0 |      12 |   0.0 |   656
               +---------+---------+-------+---------+---------+-------+---------
